 Dungeon Crawl Stone Soup version 0.23.1 (webtiles) character file.

Game seed: 11187969305336102640

389 Borgoz the Sneak (level 7, 0/39 HPs)
             Began as a Kobold Enchanter on Mar 7, 2019.
             Succumbed to an adder's poison
             ... on level 5 of the Dungeon.
             The game lasted 00:09:17 (4532 turns).

Borgoz the Sneak (Kobold Enchanter)                 Turns: 4532, Time: 00:09:18

Health: 0/39       AC:  6    Str:  7    XL:     7   Next: 7%
Magic:  3/11       EV: 20    Int: 17    God:
Gold:   200        SH:  0    Dex: 20    Spells: 6/12 levels left

rFire    . . .     SeeInvis .   b - +3 dagger
rCold    . . .     Gourm    .   (shield restricted)
rNeg     . . .     Faith    .   k - +0 leather armour (curse)
rPois    .         Spirit   .   (no helmet)
rElec    .         Reflect  .   p - +0 cloak
rCorr    .         Harm     .   m - +0 pair of gloves
MR       +....                  o - +0 pair of boots
Stlth    ++++......             (no amulet)
HPRegen  0.13/turn              f - ring of protection from magic
MPRegen  0.12/turn              (no ring)

@: agile, lethally poisoned (0 -> -3), very slightly contaminated
A: small, carnivore
a: no special abilities


You were on level 5 of the Dungeon.
You were very full.

You visited 1 branch of the dungeon, and saw 5 of its levels.

You collected 200 gold pieces.

Inventory:

Hand Weapons
 b - a +3 dagger (weapon)
 h - a +2 hand axe of distortion
Missiles
 g - 8 poisoned needles
 j - a throwing net (quivered)
Armour
 k - a cursed +0 leather armour (worn)
 m - a +0 pair of gloves (worn)
 o - a +0 pair of boots (worn)
 p - a +0 cloak (worn)
Jewellery
 f - a ring of protection from magic (left hand)
 q - a +5 ring of protection {unknown}
Wands
 u - a wand of paralysis (7)
Scrolls
 a - 2 scrolls of identify
 c - 5 scrolls of teleportation
 i - 2 scrolls of remove curse
 l - 2 scrolls of immolation
 n - 2 scrolls of blinking
 r - a scroll of amnesia {unknown}
 s - a scroll of holy word {unknown}
Potions
 e - a potion of degeneration
Comestibles
 d - 8 rations


   Skills:
 + Level 1.7 Fighting
 + Level 4.1 Short Blades
 + Level 1.2 Armour
 + Level 3.3 Dodging
 + Level 6.0 Stealth
 + Level 3.2 Spellcasting
 + Level 3.8 Hexes
 + Level 1.1 Ice Magic


You had 6 spell levels left.
You knew the following spells:

 Your Spells              Type           Power        Failure   Level  Hunger
a - Corona                Hex            ###....      4%          1    None
b - Ensorcelled Hibernat  Hex/Ice        ##....       14%         2    ##.....
c - Confuse               Hex            ###.....     16%         3    ###....

Your spell library contained the following spells:

 Spells                   Type           Power        Failure   Level  Hunger
 Tukima's Dance           Hex            ###.....     16%         3    ###....
 Dazzling Spray           Conj/Hex       #.....       32%         3    ###....


Dungeon Overview and Level Annotations

Branches:
Dungeon (5/15)             Temple (0/1) D:5

Altars:
Dithmenos

Annotations:
D:4 1 runed translucent door, Crazy Yiuf, Dowan, Duvessa, Menkaure


Innate Abilities, Weirdness & Mutations

You are small and have problems with some larger weapons.
You are carnivorous and can eat meat at any time.


Message History

Okay, then.
You hit the orc but do no damage.
The orc is heavily wounded.
The orc completely misses you.
You hit the orc.
You kill the orc!
* * * LOW HITPOINT WARNING * * *
You feel sick.
Items here: ) [ †† a +0 dagger; a +0 chain mail; an orc corpse; an adder corpse Butcher an orc corpse? [(y)es/(n)o/(a)ll/(q)uit/?]
You butcher the orc corpse.
You stop butchering the corpse.
* * * LOW HITPOINT WARNING * * *
You feel sick.
Unknown command.
* * * LOW HITPOINT WARNING * * *
You feel sick.
Items here: )) [ † a +0 dagger of holy wrath; a +0 robe; a +0 club; an orc corpse You die...

#.....#
##.<...#
#......#
#.######
#)######
#......##
#.##.#..####
#)#Z.......#
#.@.##...#..
#..#..#.#...
#..#....# .#
##..#....#
#.....>....
#..##....#.
#.#. #o...#
#... Z#..#
## ..##.


You could see a quokka zombie (wandering).

Vanquished Creatures
  A howler monkey (D:4)
  A bullfrog zombie (D:5)
  A jelly (D:5)
  An orc priest (D:3)
  An orc wizard (D:5)
  2 worker ants (D:4)
  A howler monkey zombie (D:5)
  7 adders
  3 worms
  3 dart slugs
  A leopard gecko (D:3)
  13 orcs
  A ball python (D:3)
  6 giant cockroaches
  9 goblins
  8 hobgoblins
  4 jackals
  A quokka (D:3)
  4 bats
  5 frilled lizards
  5 kobolds
  8 rats
86 creatures vanquished.

Notes
Turn   | Place    | Note
-------+----------+-------------------------------------------
     0 | D:1      | Borgoz the Kobold Enchanter began the quest for the Orb.
     0 | D:1      | Reached XP level 1. HP: 10/10 MP: 3/3
   449 | D:1      | Reached XP level 2. HP: 15/15 MP: 5/5
   828 | D:1      | Reached XP level 3. HP: 15/19 MP: 6/6
  1381 | D:2      | Found a shadowy altar of Dithmenos.
  1948 | D:2      | Learned a level 2 spell: Ensorcelled Hibernation
  1952 | D:2      | Learned a level 3 spell: Confuse
  2032 | D:2      | Reached XP level 4. HP: 19/24 MP: 2/7
  2589 | D:3      | Reached XP level 5. HP: 28/28 MP: 5/9
  2684 | D:3      | Reached skill level 5 in Stealth
  2825 | D:3      | Reached skill level 1 in Fighting
  3640 | D:4      | Noticed Menkaure
  3673 | D:4      | Noticed Duvessa
  3674 | D:4      | Noticed Dowan
  3877 | D:4      | Reached XP level 6. HP: 34/34 MP: 10/10
  3910 | D:4      | Found a runed translucent door.
  3911 | D:4      | Noticed Crazy Yiuf
  4095 | D:5      | Entered Level 5 of the Dungeon
  4190 | D:4      | Reached skill level 1 in Ice Magic
  4475 | D:5      | Found a staircase to the Ecumenical Temple.
  4493 | D:5      | Reached skill level 1 in Armour
  4505 | D:5      | Reached skill level 6 in Stealth
  4505 | D:5      | Reached XP level 7. HP: 24/38 MP: 6/11
  4530 | D:5      | HP: 1/39 [poisoned by an adder]
  4532 | D:5      | Succumbed to an adder's poison

Skill      XL: |  1  2  3  4  5  6 |
---------------+-------------------+-----
Short Blades   | 2 3 4 |  4.1
Dodging        | 3 |  3.3
Stealth        | 5 6 |  6.0
Fighting       | 1 |  1.7
Ice Magic      | 1 |  1.1
Spellcasting   | 3 |  3.2
Armour         | 1 |  1.2
Hexes          | |  3.8

Action                   |  1- 3 |  4- 6 |  7- 9 || total
-------------------------+-------+-------+-------++-------
Melee: Dagger            |   200 |   193 |    12 ||   405
 Cast: Corona            |    10 |       |       ||    10
       Ensorcelled Hiber |     2 |    21 |     2 ||    25
  Use: Scroll            |     4 |     2 |     2 ||     8
       Potion            |     1 |     1 |     1 ||     3
 Stab: Sleeping          |     6 |    20 |       ||    26
  Eat: Chunk             |     7 |    13 |       ||    20
Armor: Robe              |    15 |       |       ||    15
       Skin              |    17 |       |       ||    17
       Leather armour    |     4 |    18 |     2 ||    24
Dodge: Dodged            |   145 |   112 |     9 ||   266
